 Dungeon Crawl Stone Soup version 0.26.0-10-g1f06aea511 (webtiles) character file.

Game seed: 8926459672463648079

200 wakim the Chopper (level 5, 0/47 HPs)
             Began as a Minotaur Fighter on Jan 18, 2021.
             Was an Initiate of Trog.
             Killed by nerve-wracking pain
             ... invoked by Grinder
              (8 damage)
             ... on level 3 of the Dungeon.
             The game lasted 00:05:40 (1576 turns).

wakim the Chopper (Minotaur Fighter)                Turns: 1576, Time: 00:05:40

Health: 0/47       AC:  7    Str: 22    XL:     5   Next: 48%
Magic:  13/13      EV:  7    Int:  5    God:    Trog [......]
Gold:   122        SH:  9    Dex:  9    Spells: 4/4 levels left

rFire    . . .     SeeInvis .   a - +0 war axe
rCold    . . .     Faith    .   c - +0 kite shield
rNeg     . . .     Spirit   .   b - +0 scale mail
rPois    .         Reflect  .   (helmet restricted)
rElec    .         Harm     .   (no cloak)
rCorr    .         Rampage  .   (no gloves)
Will     .....                  (no boots)
Stlth    ..........             h - amulet of regeneration
HPRegen  0.55/turn              f - ring of magical power
MPRegen  0.13/turn              (no ring)

@: no status effects
A: retaliatory headbutt, horns 2
a: Renounce Religion


You were on level 3 of the Dungeon.
You worshipped Trog.
Trog was noncommittal.
You visited 1 branch of the dungeon, and saw 3 of its levels.

You collected 122 gold pieces.

Inventory:

Hand Weapons
 a - a +0 war axe (weapon)
 i - a +1 vorpal hand axe
Armour
 b - a +0 scale mail (worn)
 c - a +0 kite shield (worn)
Jewellery
 f - a ring of magical power (left hand)
 h - an amulet of regeneration (around neck)
Scrolls
 e - 3 scrolls of teleportation
 g - 2 scrolls of identify
Potions
 d - a potion of might
 l - a potion of flight
 o - a potion of curing


   Skills:
 + Level 4.7 Fighting
 * Level 4.8 Axes
 + Level 4.6 Armour
 + Level 4.6 Shields


You had 4 spell levels left.
You didn't know any spells.
Your spell library was empty.

Dungeon Overview and Level Annotations

Branches:
Dungeon (3/15)

Altars:
Hepliaklqana
Okawaru
Trog
Vehumet
Yredelemnul
Zin

Annotations:
D:3 Grinder


Innate Abilities, Weirdness & Mutations

You reflexively headbutt those who attack you in melee.
You have a pair of horns on your head.


Message History

Grinder is heavily wounded.
Grinder gestures at you. Pain shoots through your body!
* * * LOW HITPOINT WARNING * * *
You barely miss Grinder. Your headbutt misses Grinder.
Grinder is heavily wounded.
Grinder hits you but does no damage. Grinder hits you.
* * * LOW HITPOINT WARNING * * *
You writhe in agony.
* * * LOW HITPOINT WARNING * * *
A quokka comes into view.
You hit Grinder but do no damage. You headbutt Grinder.
Grinder is heavily wounded.
Grinder gestures at you. You resist with significant effort.
You slash Grinder!
Grinder is severely wounded.
Grinder gestures at you. Pain shoots through your body!
You die...

########### .........
...>..(. ...... #....#
#....# #.5..# #.@..#
#....# #....# #....#
##.####### #r#.....#
##.#.....#
#.##..#.....#
#..ยง........##########


You could see Grinder and a quokka.

Vanquished Creatures
  Jessica (D:2)
  Natasha (thrice) (D:2)
  4 adders
  An ooze (D:2)
  A worm (D:2)
  2 dart slugs (D:1)
  A leopard gecko (D:2)
  2 bats
  5 giant cockroaches
  7 goblins
  6 hobgoblins
  4 jackals (D:1)
  4 kobolds
  2 quokkas
  A ball python (D:1)
  4 frilled lizards
  5 rats
53 creatures vanquished.

Vanquished Creatures (others)
  A giant cockroach (D:1)
1 creature vanquished.

Grand Total: 54 creatures vanquished

Notes
Turn   | Place    | Note
-------+----------+-------------------------------------------
     0 | D:1      | wakim the Minotaur Fighter began the quest for the Orb.
     0 | D:1      | Reached XP level 1. HP: 19/19 MP: 0/0
    91 | D:1      | Reached XP level 2. HP: 26/27 MP: 1/1
   472 | D:1      | Reached XP level 3. HP: 33/33 MP: 2/2
   781 | D:2      | Noticed Jessica
   791 | D:2      | Killed Jessica
   792 | D:2      | Reached XP level 4. HP: 38/40 MP: 3/3
   859 | D:2      | Found a faded altar of an unknown god.
   913 | D:2      | Noticed Natasha
   920 | D:2      | Killed Natasha
   950 | D:2      | Found a bloodstained altar of Trog.
   954 | D:2      | Found a basalt altar of Yredelemnul.
   954 | D:2      | Found a glowing silver altar of Zin.
   967 | D:2      | Found an iron altar of Okawaru.
   971 | D:2      | Found a hazy altar of Hepliaklqana.
  1000 | D:2      | Noticed Natasha
  1008 | D:2      | Killed Natasha
  1009 | D:2      | Reached XP level 5. HP: 37/47 MP: 4/4
  1021 | D:2      | Noticed Natasha
  1028 | D:2      | Killed Natasha
  1253 | D:2      | Became a worshipper of Trog the Wrathful
  1460 | D:3      | Found a radiant altar of Vehumet.
  1563 | D:3      | Noticed Grinder
  1576 | D:3      | Killed from afar by Grinder

Illustrated notes

Levels and vault maps discovered:
D:1:      eino_arrival_cavern_e, layout_loops_ring
D:2:      layout_rooms, minmay_overflow_temple_star_hex,
          chequers_ecumenical_altar_grove, uniq_natasha, uniq_jessica
D:3:      layout_basic, fiery_altar_vehumet, overflow_temple_1_default,
          lemuel_round_altar, grunt_ministairs_2, uniq_grinder, uniq_ijyb,
          uniq_robin

Skill      XL: |  1  2  3  4 |
---------------+-------------+-----
Axes           | 3 4 |  4.8
Shields        | 4 |  4.6
Fighting       | 4 |  4.7
Armour         | 4 |  4.6

Action                   |  1- 3 |  4- 6 || total
-------------------------+-------+-------++-------
Melee: War axe           |    73 |    80 ||   153
       Headbutt          |    13 |    14 ||    27
  Use: Potion            |     1 |       ||     1
       Scroll            |       |     5 ||     5
Armor: Scale mail        |    43 |    26 ||    69
       Chain mail        |       |    13 ||    13
Dodge: Dodged            |    28 |    19 ||    47
Block: Kite shield       |    39 |    38 ||    77
